Map: Lightshade LE

Players

Astrea - Winner!

  • Race: Protoss Protoss

Epic

  • Race: Terran Terran

Event: DreamHack SC2 Masters 2021 Fall

VOD

Have the link to the VOD?

Description

Time

  • Played on: Aug. 6, 2021, 3:55 p.m.
  • Length: 6:06

All games in this series

Show
View Real Time Build Order
Export as new Build Order

Astrea Protoss - Winner!

Build Orders: Blink Stalkers 

Get SALT Encoding   

  12  0:00  Probe  
  13  0:12  Probe  
  14  0:17  Pylon  
  14  0:24  Probe (Chrono Boost)  
  16  0:36  Probe (Chrono Boost)  
  16  0:37  Gateway  
  16  0:43  Probe (Chrono Boost)  
  16  0:46  Assimilator  
  17  0:51  Probe  
  18  1:03  Probe  
  19  1:15  Probe  
  20  1:24  Cybernetics Core  
  20  1:32  Probe  
  21  1:44  Probe  
  21  1:48  Nexus  
  21  1:49  Pylon  
  21  1:54  Assimilator  
  21  1:56  Probe  
  22  2:03  Warp Gate  
  22  2:05  Adept (Chrono Boost)  
  24  2:08  Probe  
  25  2:20  Probe  
  26  2:28  Stalker (Chrono Boost)  
  28  2:33  Probe  
  28  2:38  Twilight Council  
  28  2:45  Probe  
  29  2:57  Probe  
  30  3:00  Probe  
  30  3:01  Gateway  
  30  3:04  Gateway  
  31  3:09  Probe  
  31  3:10  Blink (Chrono Boost)  
  32  3:23  Robotics Facility  
  32  3:25  Probe  
  33  3:28  Probe  
  34  3:36  Pylon  
  34  3:38  Probe  
  34  3:40  Probe  
  36  3:50  Probe  
  36  3:52  Stalker, Probe  
  40  3:56  Stalker  
  40  4:00  Stalker  
  45  4:06  Pylon  
  45  4:09  Warp Prism (Chrono Boost)  
  46  4:17  Stalker  
  46  4:19  Probe  
  50  4:25  Stalker  
  50  4:28  Stalker  
  50  4:31  Probe  
  54  4:37  Probe  
  55  4:40  Assimilator  
  55  4:42  Stalker  
  55  4:44  Probe  
  58  4:48  Stalker  
  58  4:51  Probe  
  61  4:53  Pylon  
  61  5:00  Probe  
  62  5:11  Pylon, Stalker x2, Probe  
  62  5:12  Stalker  
  69  5:17  Observer  
  70  5:29  Probe x2  
  72  5:39  Stalker x3  
  72  5:41  Probe  
  77  5:49  Pylon  
  77  5:50  Assimilator, Pylon  
Show
View Real Time Build Order
Export as new Build Order

Epic Terran 

Build Orders: Reaper Expand 

Get SALT Encoding   

  12  0:00  SCV  
  13  0:12  SCV  
  14  0:17  Supply Depot  
  14  0:24  SCV  
  15  0:38  SCV  
  15  0:40  Barracks  
  16  0:43  Refinery  
  16  0:50  SCV  
  17  1:02  SCV  
  18  1:15  SCV  
  19  1:27  Reaper, Orbital Command  
  20  1:47  Command Center  
  20  1:54  Supply Depot  
  20  1:55  SCV  
  20  1:59  Marine  
  22  2:07  SCV  
  23  2:13  Factory  
  23  2:19  SCV  
  23  2:21  Barracks Reactor  
  24  2:23  Bunker  
  24  2:31  SCV  
  25  2:41  Refinery  
  25  2:43  SCV  
  25  2:55  SCV  
  25  2:58  Starport  
  26  2:59  Marine x2, Orbital Command  
  28  3:06  Factory Tech Lab  
  28  3:07  SCV  
  29  3:17  Marine x2  
  31  3:20  SCV  
  31  3:26  SCV  
  31  3:27  Barracks  
  33  3:32  SCV  
  34  3:35  Factory Tech Lab  
  34  3:36  Barracks  
  34  3:38  SCV  
  35  3:44  SCV  
  35  3:47  Raven  
  38  3:49  Engineering Bay  
  38  3:50  SCV  
  38  3:52  Supply Depot  
  38  3:55  Marine  
  40  3:56  Marine  
  40  3:59  SCV  
  40  4:02  SCV  
  43  4:05  Refinery  
  43  4:11  SCV  
  43  4:14  SCV  
  43  4:15  Supply Depot  
  45  4:19  Marine x2  
  47  4:25  Supply Depot, Stimpack  
  47  4:28  SCV x2  
  49  4:38  Supply Depot, Starport Reactor  
  49  4:39  Marauder  
  49  4:40  Marine, Marauder  
  49  4:42  Marine  
  49  4:43  SCV  
  56  4:46  SCV  
  56  4:49  Supply Depot  
  57  4:58  SCV x2  
  57  5:04  Marine, Marauder x2  
  60  5:07  Marine  
  60  5:11  SCV  
  60  5:12  SCV  
  63  5:15  Medivac  
  63  5:21  Supply Depot  
  65  5:22  Marine  
  65  5:25  Marine  
  65  5:26  Medivac  
  61  5:30  Marauder x2  
  61  5:34  SCV x2  
  57  5:39  Marine  
  46  5:43  Marine  

Tags
 
Add a new tag
Caveats
  • Supply blocks, unpowered buildings, or Contaminate may cause inaccurate times.
  • Supply counts are checked every 10 seconds.